 Dungeon Crawl Stone Soup version 0.27.1-4-g1640c2035a (webtiles) character file.

Game seed: 5142707487846361355

105 zeram the Sneak (level 4, -1/24 HPs)
             Began as a Deep Elf Enchanter on Nov 18, 2021.
             Slain by a hound (4 damage)
             ... on level 6 of the Dungeon.
             The game lasted 00:07:43 (3174 turns).

zeram the Sneak (Deep Elf Enchanter)                Turns: 3174, Time: 00:07:44

Health: -1/24      AC:  3    Str:  5    XL:     4   Next: 54%
Magic:  16/20      EV: 17    Int: 21    God:
Gold:   87         SH:  0    Dex: 15    Spells: 4/10 levels left

rFire    . . .     SeeInvis .   a - +1 dagger
rCold    + . .     Faith    .   (no shield)
rNeg     . . .     Spirit   .   b - +0 robe
rPois    +         Reflect  .   (no helmet)
rElec    .         Harm     .   (no cloak)
rCorr    .         Rampage  .   e - +0 pair of gloves
Will     .....                  (no boots)
Stlth    +++.......             (no amulet)
HPRegen  0.08/turn              k - +4 ring of evasion
MPRegen  0.17/turn              c - ring of magical power

@: flying
A: talons 1, cold resistance 1, poison resistance
a: no special abilities


You were on level 6 of the Dungeon.
You visited 1 branch of the dungeon, and saw 4 of its levels.

You collected 87 gold pieces.

Inventory:

Hand Weapons
 a - a +1 dagger (weapon)
Missiles
 f - a throwing net
Armour
 b - a +0 robe (worn)
 e - a +0 pair of gloves (worn)
Jewellery
 c - a ring of magical power (right hand)
 j - a ring of willpower
 k - a +4 ring of evasion (left hand)
Scrolls
 d - a scroll of amnesia
 g - 2 scrolls of identify
Potions
 h - a potion of flight


   Skills:
 + Level 1.2 Short Blades
 + Level 2.9 Dodging
 + Level 5.0 Stealth
 + Level 3.9 Spellcasting
 + Level 4.9 Hexes
 + Level 1.1 Ice Magic


You had 4 spell levels left.
You knew the following spells:

 Your Spells              Type           Power      Damage    Failure   Level
a - Corona                Hex            26%        N/A       1%          1
b - Ensorcelled Hibernat  Hex/Ice        32%        N/A       5%          2
c - Tukima's Dance        Hex            24%        N/A       4%          3

Your spell library contained the following spells:

 Spells                   Type           Power      Damage    Failure   Level
 Confusing Touch          Hex            24%        N/A       4%          3
 Animate Skeleton         Necr           8%         N/A       12%         1
 Apportation              Tloc           8%         N/A       12%         1
 Summon Small Mammal      Summ           16%        N/A       12%         1
 Dazzling Flash           Conj/Hex       28%        N/A       13%         3


Dungeon Overview and Level Annotations

Branches:
Dungeon (3/15)

Altars:

Shops:
D:1 =


Innate Abilities, Weirdness & Mutations

You have sharp toenails.
Your flesh is cold resistant. (rC+)
Your system is resistant to poisons. (rPois)


Message History

Aim: an adder (chance to affect: 55%)
The adder resists with significant effort.
The orc warrior hits you with a +0 scimitar!
The adder closely misses you.
Unknown command.
Casting: Ensorcelled Hibernation (safe; 5% risk of failure)
Confirm with . or Enter, or press ? or * to list all spells.
Aiming: Ensorcelled Hibernation (safe; 5% risk of failure)
Press: ? - help, Shift-Dir - straight line, f/p - adder
Aim: an adder (chance to affect: 55%)
The adder resists with significant effort.
The adder bites you but does no damage. x2
Okay, then.
As you read the scroll labelled BEP LOSKIXTA, it crumbles to dust.
You hear a loud clanging noise!
It was a scroll of noise.
You hear a bark!
The adder closely misses you.
Okay, then.
As you read the scroll labelled GOSAUW SIESO, it crumbles to dust.
You feel aware of your surroundings.
You sensed 1 shop/portal.
It was a scroll of magic mapping.
The adder misses you. The adder closely misses you.
The adder closely misses you.
Unknown command.
A hound and a wight come into view.
The wight is wielding a +0 long sword and wearing a +1 robe of resistance.
The hound barely misses you. The hound closely misses you.
A jelly comes into view.
The hound closely misses you. The hound barely misses you. The hound bites you.
The adder closely misses you.
The jelly jiggles.
The hound bites you. The hound completely misses you. The hound bites you.
* * * LOW HITPOINT WARNING * * *
The hound bites you.
* * * LOW HITPOINT WARNING * * *
Found a stone staircase leading up.
The hound bites you.
You die...

*,,******#....##..###.#*,,,,,**
*,,,*** #....#...#*#.#,,,,,,,**
**,,,..####....#...##..#,,,,,,,,*
,*,,,........z.........#,,,,,,,,+
******######.###########>,,,,,,,*
,,,,,,,,*,#..#*,,.# *,,,,,,,**
,,,,,,,,*,#.##***<# **,,,,,**
,,,,,,,,*,#.#####.# **,,,**
**,,,****,#.J.Sh@.# **+**
*,,,,,,,,#######.# *,* *,,,******
*.# *,* **,** ****.#*** **,** *,*
*,,,..,,* **,,,** ***,* *,**.#*,*
*,,,,,*** ,,,,* *,**.#*,*
**,,,,,,, *****
*,**.#*,******,*****
*,**,,,,,,,,,,,*


You could see a hound, a jelly and an adder.

Vanquished Creatures
  3 gnolls (D:2)
  2 adders (D:2)
  3 worms (D:2)
  A dart slug (D:2)
  2 endoplasms (D:2)
  4 giant cockroaches (D:1)
  4 goblins
  5 hobgoblins (D:1)
  5 jackals
  4 kobolds
  2 quokkas (D:1)
  4 ball pythons
  3 bats (D:1)
  2 frilled lizards
  5 rats
49 creatures vanquished.

Notes
Turn   | Place    | Note
-------+----------+-------------------------------------------
     0 | D:1      | zeram the Deep Elf Enchanter began the quest for the Orb.
     0 | D:1      | Reached XP level 1. HP: 10/10 MP: 6/6
   165 | D:1      | Reached skill level 4 in Stealth
   341 | D:1      | Reached XP level 2. HP: 15/15 MP: 8/8
   362 | D:1      | Learned a level 2 spell: Ensorcelled Hibernation
   464 | D:1      | Found Weamerch's Jewellery Shoppe.
  1762 | D:2      | Reached XP level 3. HP: 19/19 MP: 9/9
  2215 | D:2      | Gained mutation: You have sharp toenails. [potion of
                  | mutation]
  2215 | D:2      | Gained mutation: Your flesh is cold resistant. (rC+)
                  | [potion of mutation]
  2215 | D:2      | Gained mutation: Your system is resistant to poisons.
                  | (rPois) [potion of mutation]
  2583 | D:2      | Reached XP level 4. HP: 24/24 MP: 6/11
  2674 | D:2      | Reached skill level 1 in Ice Magic
  2740 | D:2      | Reached skill level 5 in Stealth
  2823 | D:2      | Found a faded altar of an unknown god.
  2975 | D:3      | Learned a level 3 spell: Tukima's Dance
  3141 | D:3      | You fall into a shaft and drop 3 floors!
  3141 | D:6      | Noticed an orc warrior
  3174 | D:6      | Slain by a hound

Illustrated notes

Levels and vault maps discovered:
D:1:      minmay_arrival_stone_box, layout_loops_ring, serial_shops, shop
D:2:      layout_rooms, hellmonk_ecumenical_altar_run_dry
D:3:      layout_loops_ring, chequers_serial_rivers_large_a
D:6:      minmay_recursive_quarters, layout_loops_corners, serial_shops,
          kennysheep_mini_moat, gammafunk_ghost_grave

Skill      XL: |  1  2  3  4 |
---------------+-------------+-----
Stealth        | 4 5 |  5.0
Ice Magic      | 1 |  1.1
Short Blades   | |  1.2
Dodging        | |  2.9
Spellcasting   | |  3.9
Hexes          | |  4.9

Action                   |  1- 3 |  4- 6 || total
-------------------------+-------+-------++-------
Melee: Dagger            |    97 |    12 ||   109
       Kick              |       |     1 ||     1
 Cast: Corona            |     3 |       ||     3
       Ensorcelled Hiber |    31 |    10 ||    41
  Use: Scroll            |     1 |     2 ||     3
       Potion            |     2 |     2 ||     4
 Stab: Sleeping          |    28 |     9 ||    37
Armor: Robe              |    21 |     4 ||    25
Dodge: Dodged            |    68 |    24 ||    92
